Map: Ruines de Seras

Players

FoW

  • Race: Zerg Zerg
  • League: Master

Naffy - Winner!

  • Race: Terran Terran
  • League: Master

VOD

Have the link to the VOD?

Description

Time

  • Played on: Nov. 25, 2015, 4:48 p.m.
  • Length: 31:09
Show
View Real Time Build Order
Export as new Build Order

FoW Zerg 

Build Orders: Hatch First 

Get SALT Encoding   

  12  0:01  Drone  
  13  0:08  Drone  
  14  0:17  Overlord  
  14  0:23  Extractor  
  14  0:24  Drone  
  14  0:28  Extractor  
  13  0:31  Drone  
  16  0:37  Drone  
  17  0:45  Drone  
  18  1:00  Hatchery  
  18  1:03  Drone  
  18  1:08  Drone  
  19  1:17  Drone  
  20  1:23  Spawning Pool  
  19  1:30  Drone  
  20  1:39  Drone  
  21  1:51  Hatchery  
  20  1:58  Drone  
  21  2:02  Drone  
  22  2:12  Queen  
  24  2:15  Queen  
  24  2:19  Zergling x2  
  24  2:22  Zergling x2  
  28  2:27  Overlord  
  28  2:32  Extractor  
  27  2:37  Spore Crawler  
  27  2:45  Overlord  
  27  2:48  Extractor  
  27  2:49  Drone  
  28  2:57  Queen x2  
  32  3:05  Drone x4  
  36  3:13  Queen  
  36  3:17  Drone  
  39  3:21  Spore Crawler, Drone  
  39  3:30  Overlord  
  39  3:31  Drone  
  39  3:32  Drone x3  
  44  3:37  Drone x2  
  44  3:39  Drone  
  47  3:42  Drone  
  47  3:43  Extractor x2  
  47  3:44  Drone  
  47  3:50  Drone  
  48  3:59  Drone x2  
  48  4:00  Drone  
  50  4:15  Drone x6  
  50  4:16  Drone x4  
  56  4:21  Overlord  
  54  4:26  Drone x4  
  54  4:30  Overlord  
  57  4:36  Drone, Extractor  
  57  4:37  Drone  
  57  4:38  Overlord  
  58  4:42  Lair, Spore Crawler  
  58  4:56  Roach Warren  
  57  5:03  Drone x7, Extractor x2  
  57  5:04  Drone x2  
  64  5:07  Overlord  
  64  5:09  Spore Crawler  
  63  5:16  Overlord  
  63  5:22  Drone x7  
  63  5:23  Drone x2  
  72  5:31  Evolution Chamber  
  72  5:32  Evolution Chamber  
  72  5:34  Roach Warren  
  69  5:37  Overlord  
  69  5:41  Glial Reconstitution  
  70  5:43  Roach x3  
  70  5:44  Roach x4  
  70  5:47  Extractor  
  70  5:49  Extractor  
  82  5:57  Zerg Missile Weapons Level 1, Zerg Ground Armor Level 1  
  82  5:58  Overlord  
  82  6:01  Roach x3  
  88  6:06  Overseer  
  88  6:09  Drone x2  
  88  6:10  Drone x4  
  94  6:11  Overlord  
  94  6:18  Overlord  
  91  6:27  Drone x7  
  91  6:28  Drone  
  91  6:30  Overlord  
  91  6:32  Overlord  
  98  6:34  Overlord  
  98  6:39  Overlord  
  98  6:54  Overlord  
  90  7:04  Drone x2  
  90  7:05  Drone x6  
  90  7:06  Drone x2  
  90  7:08  Overlord  
  98  7:16  Roach x6  
  98  7:20  Spore Crawler, Hydralisk Den, Overseer  
  108  7:26  Overlord  
  108  7:33  Roach x3  
  108  7:34  Roach x2  
  118  7:39  Roach  
  118  7:40  Roach x3  
  118  7:42  Hatchery, Overlord  
  125  7:50  Pneumatized Carapace  
  125  7:51  Roach x2  
  125  7:52  Roach x4  
  125  7:56  Ravager x2  
  125  7:57  Ravager x7  
  146  8:07  Roach  
  146  8:08  Roach x5  
  155  8:20  Zerg Missile Weapons Level 2  
  155  8:25  Queen x2  
  153  8:43  Roach x4  
  153  8:44  Roach x4  
  153  8:45  Overlord  
  153  8:48  Hydralisk x4  
  111  9:19  Roach x15  
  135  9:27  Muscular Augments  
  135  9:38  Ravager x4  
  110  10:03  Roach x15  
  110  10:04  Roach x3  
  110  10:06  Queen x3  
  141  10:16  Overlord  
  141  10:19  Drone x3, Extractor x2  
  142  10:21  Spore Crawler  
  142  10:27  Ravager x2  
  142  10:28  Ravager x3  
  145  10:34  Drone  
  145  10:35  Drone x3  
  150  10:38  Queen  
  150  10:39  Overlord  
  116  10:57  Roach  
  116  10:58  Roach x12  
  142  11:11  Roach  
  142  11:12  Hatchery, Roach x5  
  142  11:13  Nydus Network  
  152  11:30  Zerg Ground Armor Level 2  
  152  11:32  Hydralisk x3  
  152  11:33  Hydralisk x3  
  152  11:36  Overseer  
  164  11:45  Roach x4  
  164  11:46  Roach x3  
  178  12:00  Nydus Canal  
  178  12:06  Roach x2  
  178  12:07  Roach x5  
  192  12:12  Overlord  
  192  12:14  Overlord  
  186  12:36  Nydus Canal  
  108  12:57  Roach x2  
  108  12:58  Roach x13  
  125  13:11  Nydus Canal  
  117  13:16  Roach x2  
  117  13:17  Roach x3  
  117  13:31  Ravager x4  
  117  13:32  Ravager x2  
  123  13:36  Roach x2  
  123  13:37  Infestation Pit, Roach x6  
  123  13:40  Nydus Canal  
  128  13:52  Ravager x5  
  128  13:53  Ravager  
  130  13:58  Roach x6  
  130  13:59  Roach x2  
  146  14:03  Overlord  
  146  14:19  Roach x6  
  146  14:20  Roach x3  
  164  14:36  Overlord  
  164  14:40  Hydralisk  
  164  14:41  Hydralisk x6  
  178  14:47  Hive  
  178  14:58  Roach x2  
  178  14:59  Roach x4  
  190  15:02  Roach x2  
  194  15:09  Roach x2  
  189  15:38  Hydralisk, Roach  
  189  15:39  Hydralisk x5, Roach  
  185  15:54  Roach x4  
  185  15:55  Roach x4  
  193  15:58  Ravager x3  
  193  15:59  Ravager x4  
  158  16:28  Roach  
  158  16:29  Roach x14  
  158  16:32  Ravager x4  
  186  16:33  Ravager x2  
  178  16:42  Drone x2  
  178  16:43  Drone x4  
  178  16:44  Drone  
  175  17:32  Roach  
  168  17:57  Hatchery  
  166  18:03  Drone x5  
  166  18:04  Drone x10  
  166  18:22  Nydus Canal  
  91  19:25  Drone x2  
  91  19:26  Drone x8  
  99  19:58  Hatchery  
  98  20:05  Ravager x11  
  103  20:17  Drone  
  103  20:18  Drone x4  
  105  20:33  Hatchery  
  100  20:52  Drone x6  
  100  20:53  Drone x3  
  105  21:00  Hatchery  
  104  21:05  Nydus Canal  
  101  21:45  Roach x10  
  101  22:17  Drone  
  101  22:18  Drone x12  
  103  22:50  Drone  
  107  22:51  Drone x10  
  114  22:58  Viper  
  114  22:59  Viper x2  
  114  23:00  Viper  
  126  23:28  Roach  
  126  23:29  Roach x12  
  146  23:50  Roach x5  
  146  23:51  Roach x9  
  169  23:58  Ravager x3  
  169  23:59  Ravager x6  
  157  24:29  Roach x3  
  157  24:30  Roach x7  
  169  24:32  Overlord x6  
  166  24:42  Hatchery  
  158  25:09  Hatchery  
  158  25:12  Roach  
  158  25:13  Roach x2  
  153  25:16  Extractor x2  
  151  25:31  Drone x3  
  151  25:32  Drone x7  
  161  25:49  Hatchery  
  160  25:56  Roach x2  
  156  25:59  Hatchery, Extractor  
  156  26:00  Extractor  
  156  26:03  Drone x5  
  156  26:04  Drone x3  
  158  26:33  Drone x2  
  158  26:35  Spore Crawler  
  158  26:36  Drone  
  158  26:37  Drone x7  
  158  26:38  Drone x5  
  172  26:43  Spore Crawler  
  172  26:46  Drone  
  172  26:47  Drone x4  
  166  26:56  Drone  
  166  26:57  Drone x7  
  172  27:09  Drone x6  
  172  27:10  Drone  
  172  27:11  Spore Crawler  
  172  27:13  Extractor  
  172  27:27  Roach  
  172  27:28  Roach x7  
  172  27:29  Roach x5  
  195  27:40  Drone x5  
  193  27:59  Extractor  
  193  28:00  Extractor  
  193  28:04  Spore Crawler x2, Drone  
  193  28:05  Drone x10, Spore Crawler  
  199  28:12  Spore Crawler, Spine Crawler  
  198  28:13  Spine Crawler  
  198  28:14  Drone x4  
  198  28:15  Spine Crawler  
  198  28:18  Spine Crawler  
  198  28:29  Spine Crawler  
  198  28:30  Spore Crawler  
  156  28:45  Extractor x2  
  121  28:49  Roach  
  121  28:50  Roach x20  
  160  29:16  Drone  
  155  29:17  Drone x13  
  162  29:26  Drone  
  162  29:27  Drone x6  
  162  29:29  Extractor  
  156  29:39  Drone x3  
  156  29:40  Drone x3  
  156  29:41  Drone x5  
  156  29:42  Drone  
  153  30:00  Spore Crawler  
  153  30:04  Drone  
  153  30:05  Drone x3  
  153  30:06  Drone x2  
  157  30:13  Drone x4  
  157  30:16  Drone x3  
  157  30:17  Drone x3  
  157  30:20  Drone x3  
  157  30:21  Queen  
  166  30:26  Roach x11  
  166  30:27  Roach x2  
  187  30:45  Roach x2  
  187  30:46  Roach x4  
Show
View Real Time Build Order
Export as new Build Order

Naffy Terran - Winner!

Build Orders: Reaper Expand, Hellion Banshee, Mech 

Get SALT Encoding   

  12  0:00  SCV  
  13  0:13  SCV  
  14  0:18  Supply Depot  
  14  0:25  SCV  
  15  0:29  Refinery  
  15  0:39  SCV  
  16  0:45  Barracks  
  16  0:51  SCV  
  17  1:03  SCV  
  18  1:16  SCV  
  19  1:32  Orbital Command  
  19  1:33  Reaper  
  20  1:48  Command Center  
  20  1:59  Factory  
  20  2:03  SCV  
  20  2:07  Barracks Reactor  
  21  2:15  SCV, Supply Depot  
  22  2:27  SCV  
  23  2:46  SCV  
  24  2:54  Starport  
  24  2:58  SCV  
  25  2:59  Orbital Command  
  25  3:02  Hellion x2  
  25  3:03  Refinery  
  25  3:04  Marine  
  30  3:16  SCV  
  31  3:25  Hellion x2  
  31  3:27  Barracks Tech Lab  
  35  3:31  Viking  
  37  3:34  SCV  
  37  3:39  Supply Depot  
  38  3:43  SCV  
  38  3:47  SCV  
  40  3:50  Widow Mine  
  40  3:51  Widow Mine  
  40  3:55  SCV  
  45  3:59  SCV  
  46  4:08  Command Center  
  46  4:11  SCV x2  
  48  4:23  SCV x2  
  46  4:35  SCV  
  46  4:36  Hellion x2  
  46  4:37  SCV  
  48  4:40  Refinery x2  
  48  4:43  Supply Depot  
  48  4:47  SCV  
  48  4:50  SCV  
  50  4:55  Banshee, Cloaking Field  
  50  4:59  SCV  
  54  5:04  Widow Mine x2  
  54  5:05  SCV  
  59  5:08  Supply Depot  
  60  5:14  SCV  
  60  5:17  SCV  
  60  5:20  Orbital Command  
  61  5:27  Armory  
  61  5:28  SCV  
  61  5:29  SCV  
  61  5:31  Factory  
  61  5:33  Widow Mine  
  61  5:34  Widow Mine  
  67  5:37  Orbital Command  
  67  5:38  Banshee  
  70  5:45  Armory  
  70  5:46  SCV  
  70  5:48  Factory  
  71  5:50  SCV  
  72  5:58  SCV  
  72  6:03  SCV x2  
  75  6:05  Refinery x2  
  75  6:10  SCV  
  76  6:12  Hellion x2  
  76  6:14  Supply Depot  
  76  6:17  SCV x2  
  82  6:18  Engineering Bay  
  82  6:20  Supply Depot  
  82  6:23  SCV  
  83  6:29  SCV  
  83  6:30  SCV  
  85  6:34  Factory Tech Lab x2  
  85  6:35  Banshee  
  85  6:36  SCV  
  85  6:38  Hellion x2  
  93  6:42  Supply Depot  
  93  6:43  SCV  
  90  7:04  SCV x2  
  90  7:05  Siege Tank x2, Infernal Pre-Igniter  
  90  7:07  Barracks Reactor  
  90  7:08  Terran Vehicle And Ship Armor Level 1, SCV, Terran Vehicle Weapons Level 1  
  89  7:14  Missile Turret x2  
  90  7:16  SCV  
  91  7:23  SCV x2  
  91  7:28  SCV, Factory x2  
  94  7:35  SCV x2  
  96  7:43  Siege Tank x2  
  96  7:44  Hellion x2  
  104  7:49  SCV x3  
  104  7:50  Supply Depot x3  
  107  7:57  Command Center  
  107  8:01  Command Center  
  107  8:07  Hellion  
  107  8:11  Hellion  
  111  8:19  Siege Tank x2  
  117  8:20  Siege Tank, Factory Reactor  
  117  8:26  Liberator x2  
  120  8:42  Hellion x2  
  130  8:51  Siege Tank  
  131  8:56  Siege Tank, Missile Turret  
  131  8:57  Siege Tank  
  131  8:58  SCV x2  
  119  9:03  Hellion  
  119  9:04  Hellion  
  119  9:08  Liberator x2  
  95  9:11  SCV  
  95  9:12  SCV  
  95  9:14  Hellion  
  95  9:15  SCV  
  85  9:24  Siege Tank  
  81  9:25  Hellion  
  81  9:28  Siege Tank  
  81  9:29  Siege Tank  
  94  9:45  Hellion  
  96  9:46  Hellion x3  
  94  9:56  Siege Tank  
  92  10:00  Siege Tank  
  92  10:05  SCV x3  
  92  10:07  Hellion  
  98  10:25  SCV x3  
  101  10:31  Siege Tank x2  
  101  10:32  Terran Vehicle Weapons Level 2, Siege Tank  
  101  10:33  Terran Vehicle And Ship Armor Level 2  
  110  10:37  SCV x2  
  103  10:50  SCV x3  
  103  10:54  Hellion x2  
  92  11:03  Siege Tank x2  
  98  11:12  Liberator x2  
  98  11:16  SCV  
  98  11:17  SCV x3  
  102  11:30  Siege Tank  
  102  11:32  Hellion x4  
  119  11:33  Missile Turret  
  119  11:35  Supply Depot, Missile Turret  
  119  11:37  Supply Depot, Missile Turret  
  119  11:40  Missile Turret  
  122  11:54  Siege Tank x2, Liberator  
  122  11:55  Liberator  
  122  11:56  Hellion x2  
  115  12:30  Siege Tank  
  115  12:31  Siege Tank  
  93  12:53  Hellion x2  
  82  13:00  SCV x2  
  76  13:08  SCV x2  
  76  13:10  Refinery  
  76  13:11  Liberator x2  
  76  13:12  SCV x2  
  79  13:15  Hellion x2  
  82  13:20  SCV x2, Missile Turret  
  82  13:24  SCV x2  
  82  13:26  Hellion x4  
  93  13:32  SCV x2  
  98  13:36  SCV x2, Hellion x2  
  103  13:44  SCV x2  
  103  13:48  SCV x2  
  105  13:56  SCV, Liberator x2  
  105  13:57  SCV  
  105  14:00  SCV x2  
  109  14:08  SCV  
  110  14:12  Siege Tank  
  110  14:13  Hellion x2  
  117  14:36  Factory Reactor  
  117  14:44  Siege Tank  
  120  14:57  Factory Tech Lab, Missile Turret  
  120  14:58  Factory Tech Lab, Sensor Tower  
  120  15:12  Missile Turret  
  120  15:14  Missile Turret  
  120  15:16  Siege Tank  
  116  15:24  Siege Tank x2  
  116  15:25  Hellion  
  121  15:42  SCV, Hellion  
  123  15:48  Siege Tank  
  123  15:49  Refinery  
  121  15:56  Siege Tank  
  122  16:09  Orbital Command  
  122  16:10  Refinery x2  
  89  16:31  Siege Tank x2  
  89  16:32  Hellion  
  98  16:33  Hellion x3  
  96  16:42  Siege Tank  
  97  16:53  Hellion  
  101  16:54  Hellion x3  
  101  16:57  Refinery  
  101  17:02  Missile Turret x3  
  101  17:03  Siege Tank  
  101  17:05  Missile Turret x3  
  101  17:07  SCV x2  
  101  17:08  SCV x2  
  108  17:15  Hellion x4  
  114  17:17  Liberator x2  
  107  17:28  Orbital Command  
  99  17:35  Siege Tank x2  
  99  17:36  Hellion  
  113  17:37  Hellion x3  
  113  17:51  SCV x2  
  115  17:58  Hellion  
  117  18:06  Siege Tank  
  117  18:07  Siege Tank  
  117  18:08  Hellion x3  
  125  18:19  Hellion  
  127  18:24  Refinery  
  127  18:25  Refinery  
  127  18:29  Hellion x2  
  133  18:36  Hellion  
  133  18:44  Siege Tank x2  
  120  19:03  Orbital Command  
  103  19:11  SCV x3  
  103  19:14  Siege Tank  
  103  19:15  Hellion  
  103  19:16  Hellion, Factory Reactor  
  107  19:31  SCV  
  108  19:37  Hellion x2  
  112  19:49  SCV x4  
  110  19:58  Hellion  
  110  20:01  SCV x4  
  110  20:04  Hellion  
  110  20:05  Hellion x2  
  114  20:07  Siege Tank x2  
  114  20:08  Siege Tank  
  114  20:11  Liberator  
  114  20:12  Liberator  
  115  20:31  Hellion x2  
  115  20:32  Hellion x2  
  115  20:33  Supply Depot x2  
  129  20:36  Supply Depot  
  129  20:55  Command Center  
  119  21:08  Siege Tank x3  
  128  21:17  Liberator x2  
  128  21:24  Hellion x7  
  134  21:40  Siege Tank x2  
  134  21:55  Siege Tank  
  134  21:57  Hellion x3  
  134  21:58  Hellion  
  135  22:28  Siege Tank x2  
  139  22:45  Liberator x2  
  137  23:03  Siege Tank  
  146  23:30  Refinery  
  146  23:31  Missile Turret  
  115  24:30  Liberator x2  
  109  24:33  Orbital Command  
  109  24:49  Siege Tank  
  109  25:24  Refinery  
  109  25:42  Missile Turret  
  109  25:43  Liberator x2  
  109  25:45  Missile Turret  
  109  25:50  Siege Tank x3  
  109  26:02  Missile Turret  
  115  26:10  Missile Turret  
  115  26:18  SCV x4  
  119  26:20  Hellion x4  
  119  26:23  Missile Turret  
  127  26:42  Siege Tank x2  
  127  26:43  Siege Tank  
  127  26:44  Hellion x3  
  142  26:51  SCV  
  142  26:52  SCV x2  
  145  27:06  Liberator x2  
  145  27:21  Siege Tank x3  
  157  27:36  Command Center  
  157  27:47  Hellion x2  
  157  27:48  Hellion x2  
  157  27:58  Liberator x2  
  157  28:06  Missile Turret  
  157  28:08  Missile Turret  
  157  28:12  Missile Turret  
  157  28:13  Missile Turret  
  163  28:41  Sensor Tower, Liberator x2  
  142  28:50  Siege Tank x2  
  142  28:51  Siege Tank  
  151  29:25  Siege Tank  
  151  29:26  Siege Tank x2  
  151  29:27  Hellion x3  
  151  29:28  Hellion  
  158  29:57  Siege Tank  
  158  29:58  Siege Tank  
  160  30:14  Refinery x2  
Tags
 
Add a new tag
Caveats
  • Supply blocks, unpowered buildings, or Contaminate may cause inaccurate times.
  • Supply counts are checked every 10 seconds.